 Dungeon Crawl Stone Soup version 0.27-a0-380-g150de4c316 (webtiles) character file.

Game seed: 1476301230851731441

141 dracos369 the Digger (level 4, -21/33 HPs)
             Began as a Demigod Earth Elementalist on Feb 17, 2021.
             Demolished by an orc warrior
             ... wielding a +0 battleaxe
              (28 damage)
             ... on level 6 of the Dungeon.
             The game lasted 00:05:43 (2592 turns).

dracos369 the Digger (Demigod Earth Elementalist)   Turns: 2592, Time: 00:05:44

Health: -21/33     AC:  6    Str:  9    XL:     4   Next: 73%
Magic:  1/9        EV: 15    Int: 21    God:
Gold:   118        SH:  0    Dex: 14    Spells: 5/6 levels left

rFire    + . .     SeeInvis .   r - +0 long sword
rCold    . . .     Faith    .   (no shield)
rNeg     . . .     Spirit   .   l - +0 leather armour
rPois    .         Reflect  .   m - +0 helmet
rElec    .         Harm     .   (no cloak)
rCorr    .         Rampage  .   (no gloves)
Will     .....                  (no boots)
Stlth    ++........             (no amulet)
HPRegen  0.11/turn              h - ring of protection from fire
MPRegen  0.11/turn              q - +4 ring of evasion

@: no status effects
A: claws 1, icy blue scales 1, high mp 1
a: no special abilities


You were on level 6 of the Dungeon.
You visited 1 branch of the dungeon, and saw 4 of its levels.

You collected 118 gold pieces.

Inventory:

Hand Weapons
 d - a +0 dagger
 k - a +0 spear
 r - a +0 long sword (weapon)
Missiles
 b - 33 stones
Armour
 c - a +0 robe
 l - a +0 leather armour (worn)
 m - a +0 helmet (worn)
Jewellery
 h - a ring of protection from fire (left claw)
 j - a ring of protection from fire
 q - a +4 ring of evasion (right claw)
Wands
 o - a wand of flame (11)
Scrolls
 a - a scroll of immolation {unknown}
 e - 4 scrolls of teleportation {unknown}
 g - a scroll of enchant weapon {unknown}
 i - a scroll of identify {unknown}
 n - a scroll of fog {unknown}


   Skills:
 - Level 1.7 Dodging
 - Level 1.7 Stealth
 - Level 1.7 Spellcasting
 - Level 0.8 Transmutations
 + Level 5.2 Earth Magic


You had 5 spell levels left.
You knew the following spells:

 Your Spells              Type           Power        Failure   Level
a - Sandblast             Erth           48%          2%          1

Your spell library contained the following spells:

 Spells                   Type           Power        Failure   Level
 Passwall                 Tmut/Erth      11%          9%          2
 Stone Arrow              Conj/Erth      24%          22%         3
 Petrify                  Tmut/Erth      14%          52%         4
 Lee's Rapid Deconstruct  Erth           12%          56%         5


Dungeon Overview and Level Annotations

Branches:
Dungeon (3/15)


Innate Abilities, Weirdness & Mutations

You have an increased reservoir of magic. (+10% MP)
You have sharp fingernails.
You are partially covered in icy blue scales. (AC +2)


Message History

The orc warrior is severely wounded.
The orc warrior hits you with a +0 battleaxe.
The orc barely misses you.
You riposte.
You hit the orc.
The orc is heavily wounded.
The orc hits you but does no damage. The orc warrior misses you.
You barely miss the orc warrior.
The orc warrior is severely wounded.
The orc misses you. The orc warrior barely misses you.
You closely miss the orc warrior.
The orc warrior is severely wounded.
The orc closely misses you.
You riposte.
You closely miss the orc.
The orc is moderately wounded.
An orc wizard comes into view. It is wielding a +0 dagger.
The orc warrior hits you with a +0 battleaxe!
* * * LOW HITPOINT WARNING * * *
The orc closely misses you.
You feel much better. The orc closely misses you.
You riposte.
You barely miss the orc.
The orc is moderately wounded.
You hit the orc warrior.
The orc warrior is severely wounded.
The orc warrior hits you with a +0 battleaxe!!
Ouch! That really hurt!
* * * LOW HITPOINT WARNING * * *
The orc warrior closely misses you.
You riposte.
You hit the orc warrior but do no damage.
The orc warrior is severely wounded.
It was a potion of mutation.
You feel extremely strange.
Your fingernails lengthen.
Icy blue scales grow over part of your body.
The orc barely misses you.
You riposte.
You slash the orc!
You kill the orc!
You closely miss the orc warrior.
The orc warrior is severely wounded.
The orc wizard gestures at you while chanting.
The magic dart hits you.
* * * LOW HITPOINT WARNING * * *
The orc warrior hits you with a +0 battleaxe!!
Ouch! That really hurt!
You die...

#...........)....#
#######'####....##...#
#...##...#########...#
.....................#
.....................#
.................#...#
##'############..#####
.....#....#....oo#
.....#....#....)@#
.....#....#......#
.....'....#......#
.....#....#......#
.....######......#
###### ########


You could see an orc warrior and an orc wizard.

Vanquished Creatures
  An orc priest (D:6)
  An orc wizard (D:6)
  4 adders (D:2)
  An ooze (D:2)
  A worm (D:2)
  A dart slug (D:2)
  2 leopard geckos
  5 orcs (D:6)
  A giant cockroach (D:1)
  4 hobgoblins
  4 kobolds
  5 bats
  A frilled lizard (D:1)
  4 goblins
  A quokka skeleton (D:2)
  5 rats
41 creatures vanquished.

Notes
Turn   | Place    | Note
-------+----------+-------------------------------------------
     0 | D:1      | dracos369 the Demigod Earth Elementalist began the quest
                  | for the Orb.
     0 | D:1      | Reached XP level 1. HP: 14/14 MP: 5/5
    98 | D:1      | Reached skill level 3 in Earth Magic
   632 | D:1      | Reached XP level 2. HP: 20/20 MP: 5/7
  1481 | D:2      | Found a sacrificial altar of Ru.
  1585 | D:2      | Reached skill level 4 in Earth Magic
  1585 | D:2      | Reached XP level 3. HP: 25/26 MP: 3/8
  2486 | D:3      | You fall into a shaft and drop 3 floors!
  2527 | D:6      | Reached XP level 4. HP: 33/33 MP: 5/9
  2536 | D:6      | Reached skill level 5 in Earth Magic
  2540 | D:6      | Noticed an orc warrior
  2591 | D:6      | Gained mutation: You have sharp fingernails. [potion of
                  | mutation]
  2591 | D:6      | Gained mutation: You are partially covered in icy blue
                  | scales. (AC +2) [potion of mutation]
  2592 | D:6      | Demolished by an orc warrior

Illustrated notes

Levels and vault maps discovered:
D:1:      dpeg_arrival_rooms_c, layout_basic, roderic_serpentine_path
D:2:      layout_basic, marbit_many_paths
D:3:      layout_loops_ring, bloody_trog, st_stairs_9, uniq_terence
D:6:      layout_gridville, kennysheep_little_box

Skill      XL: |  1  2  3  4 |
---------------+-------------+-----
Earth Magic    | 3 4 5 |  5.2
Dodging        | |  1.7
Stealth        | |  1.7
Spellcasting   | |  1.7
Transmutations | |  0.8

Action                   |  1- 3 |  4- 6 || total
-------------------------+-------+-------++-------
Melee: Unarmed           |     8 |       ||     8
       Dagger            |    44 |       ||    44
       Spear             |    10 |       ||    10
       Long sword        |       |     6 ||     6
 Cast: Sandblast         |    50 |    11 ||    61
  Use: Potion            |       |     3 ||     3
 Stab: Sleeping          |     4 |       ||     4
Armor: Robe              |    19 |       ||    19
       Leather armour    |     4 |     2 ||     6
Dodge: Dodged            |    65 |    14 ||    79
       Rpst.: Long sword |     1 |     5 ||     6

Table legend: (Time is in decaauts)
 A = Elapsed time spent in this place.
 B = Non-inter-level travel time spent in this place.
 C = Inter-level travel time spent in this place.
 D = Time resting spent in this place.
 E = Time spent auto-exploring this place.
 F = Levels seen in this place.
 G = Mean time per level.
                   A        B        C        D        E       F      G
               +--------+--------+--------+--------+--------+-----+--------+
         Total |   2591 |   2438 |    153 |    274 |   1835 |   4 |  647.8 |
       Dungeon |   2591 |   2438 |    153 |    274 |   1835 |   4 |  647.8 |
               +--------+--------+--------+--------+--------+-----+--------+

Top non-repeatable levels by time:
     D:1: 1416 daAuts
     D:2: 1068 daAuts
     D:6: 107 daAuts
